Unix NetHack Version 5.0.0-0 post-release - last build May 23 2026 06:08:33 (1c0ff79ee797540d5714e4e18072db0edd9e58ae,branch:main).

Game began 2026-05-23 14:22:55, ended 2026-05-23 14:28:45.

ArrBianca, neutral female gnomish Wizard

                                                      ------------
                                                      |..>.......|     ------
                                                      |..........|     |....|
                                            ##########...........|     |....|
                                            #}}}}}}  #--------|--- ####-....|
                                            #}       ##      #######   -.----
                                            #}       #          #       #
                                        #####}       #                ###
                                     ####### }      ###               #
                                      #    # }}}}}} # #           # ###
                               #      ###  ####@dd###             ###
  ------------                 ####     # #######                ####
  |.{........|                 ###########      ##             --.---.------
  |..........|            #####    ######      --.----         |...........|
  |...........          ###-------------.--    |.....|#        |.......{...|
  |..........|          ###+..............|    .......#########-....>......|
  |.....<....|   ########  |..............|    |.....|         -------------
  |..........-####         |..............|    -------
  ------------             ----------------

ArrBianca the Conjurer    St:9 Dx:15 Co:14 In:18 Wi:8 Ch:11  Neutral
Dlvl:3  $:10 HP:0(21) Pw:1(23) AC:9  Xp:3 T:1057 

Latest messages:
 The spell hits the floating eye!
 In what direction? h
 The spell hits the floating eye!
 You kill the floating eye!
 t - a food ration (2 in total).
 You hear a door open.
 The werejackal changes into a jackal.
 You hit the werejackal.
 The werejackal bites!
 You feel feverish.
 You hit the werejackal.
 The werejackal bites!
 You hit the werejackal.
 The werejackal summons help!
 A jackal suddenly appears next to you!
 A jackal suddenly appears next to you!
 A jackal suddenly appears next to you!
 The werejackal bites!
 In what direction? j
 The spell misses the werejackal.
 The spell hits Komo!
 The jackal misses!
 The jackal bites!
 The jackal bites!
 The werejackal bites!
 In what direction? j
 The spell hits the werejackal!
 The werejackal resists!
 You kill the werejackal!
 The spell hits Komo!
 You kill poor Komo!
 You hear the rumble of distant thunder...
 The jackal bites!
 The jackal bites!
 The jackal misses!
 What do you want to drink? [fgho or ?*] ?
 Never mind.
 Double rush prefix, canceled.
 The jackal bites!
 The jackal bites!
 In what direction? k
 The spell misses the jackal.
 The spell hits the jackal.
 You kill the jackal!
 The jackal bites!
 You don't have enough energy to cast that spell.
 You hit the jackal.
 The jackal bites!
 You die...
 Do you want your possessions identified? [ynq] (y) q

Inventory:
 Coins    ('$')
  $ - 10 gold pieces
 Weapons  (')')
  u - 7 cursed -1 darts
  v - a +0 orcish dagger
  a - a blessed +1 quarterstaff (weapon in hands)
 Armor    ('[')
  b - an uncursed +0 cloak of magic resistance (being worn)
 Comestibles  ('%')
  t - 2 uncursed food rations
  s - an uncursed egg
  p - 2 uncursed lichen corpses
 Scrolls  ('?')
  j - an uncursed scroll of enchant weapon
  i - an uncursed scroll of food detection
  k - an uncursed scroll of gold detection
 Spellbooks  ('+')
  l - a blessed spellbook of force bolt
  m - an uncursed spellbook of haste self
  w - an uncursed spellbook of healing
 Potions  ('!')
  h - an uncursed potion of enlightenment
  f - an uncursed potion of monster detection
  g - an uncursed potion of paralysis
  o - an uncursed potion of water
 Rings    ('=')
  x - a blessed -1 ring of gain constitution
  d - an uncursed ring of stealth
  e - an uncursed ring of teleportation
 Wands    ('/')
  z - a wand of light (0:10)
  c - a wand of stasis (0:6)
 Tools    ('(')
  n - a magic marker (0:19)
  q - an uncursed stethoscope

ArrBianca the Wizard's attributes:

Background:
 You were a Conjurer, a level 3 female gnomish Wizard.
 You were neutral, nominally on a mission for Thoth
 who was opposed by Ptah (lawful) and Anhur (chaotic).
 You were right-handed.
 You were in the Dungeons of Doom, on level 3.
 You entered the dungeon 1057 turns ago.
 You had 78 experience points, 2 more were needed to attain level 4.

Basics:
 You had 0 out of 21 hit points.
 You had 1 out of 23 energy points (spell power).
 Your armor class was 9.
 Your wallet contained 10 zorkmids.
 Autopickup was on for '$?!/="+%' plus thrown, with exceptions.

Final Characteristics:
 Your strength was 9 (limit:18/50).
 Your dexterity was 15 (limit:18).
 Your constitution was 14 (limit:18).
 Your intelligence was 18 (limit:19).
 Your wisdom was 8 (limit:18).
 Your charisma was 11 (limit:18).

Final Status:
 You weren't hungry.
 You were unencumbered.
 You were wielding a quarterstaff.
 You had basic skill with quarterstaff.

Final Attributes:
 You had transgressed.
 You were magic-protected.
 You were level-drain resistant.
 You had infravision.
 You were warded.
 You were a werejackal.
 You were harmed by silver.
 You were unlucky.
 You are dead.

Miscellaneous:
 You didn't encounter any bones levels.
 Total elapsed playing time was 5 minutes and 50 seconds.

Major events:
 Turn
    1: ArrBianca the neutral female gnomish Wizard entered the dungeon
  594: attained the rank of Conjurer (level 3)
 1057: killed by a jackal

Spells:
 Name                 Level Category     Fail Retention
 force bolt             1   attack         0%  91%-100%
 haste self             3   escape        79%  76%-100%

Skills:
 Fighting Skills
   bare handed combat [Unskilled]
   riding             [Unskilled]
 Weapon Skills
   dagger             [Unskilled]
   knife              [Unskilled]
   axe                [Unskilled]
   short sword        [Unskilled]
   club               [Unskilled]
   mace               [Unskilled]
   quarterstaff       [Basic]
   polearms           [Unskilled]
   spear              [Unskilled]
   trident            [Unskilled]
   sling              [Unskilled]
   dart               [Unskilled]
   shuriken           [Unskilled]
 Spellcasting Skills
   attack spells      [Basic]
   healing spells     [Unskilled]
   divination spells  [Unskilled]
   enchantment spells [Basic]
   clerical spells    [Unskilled]
   escape spells      [Unskilled]
   matter spells      [Unskilled]

Voluntary challenges:
 Character rerolling was not enabled.
 You were an atheist.
 You were illiterate.
 You never genocided any monsters.
 You never polymorphed an object.
 You never changed form.
 You used no wishes.
Achievements:
 You entered a shop.
 You attained the rank of Conjurer.

 The Dungeons of Doom: levels 1 to 3
    Level 1:
       Some fountains.
    Level 2:
       A general store.
    Level 3: <- You were here.
       Some fountains.
       Final resting place for
          you, killed by a jackal.


Vanquished creatures:
  a floating eye
  a kitten
  a werejackal
  a large kobold
  2 jackals
  a fox
  a kobold
  3 goblins
  2 grid bugs
  3 lichens
  a kobold zombie
  2 newts
19 creatures vanquished.

No species were genocided or became extinct.

Game over:
                       ----------
                      /          \
                     /    REST    \
                    /      IN      \
                   /     PEACE      \
                  /                  \
                  |    ArrBianca     |
                  |      10 Au       |
                  |   killed by a    |
                  |      jackal      |
                  |                  |
                  |                  |
                  |       2026       |
                 *|     *  *  *      | *
        _________)/\\_//(\/(/\)/\//\/|_)_______

Goodbye ArrBianca the Wizard...

You died in The Dungeons of Doom on dungeon level 3 with 431 points,
and 10 pieces of gold, after 1057 moves.
You were level 3 with a maximum of 21 hit points when you died.

